 Dungeon Crawl Stone Soup version 0.21-a0-426-g98080a9 (webtiles) character file.

14 tof the Slasher (level 2, 0/27 HPs)
             Began as a Minotaur Berserker on Nov 6, 2017.
             Was a Follower of Trog.
             Succumbed to a kobold's poison
             ... on level 1 of the Dungeon.
             The game lasted 00:00:51 (410 turns).

tof the Slasher (Minotaur Berserker)                 Turns: 410, Time: 00:00:51

Health: 0/27       AC:  2    Str: 26    XL:     2   Next: 31%
Magic:  1/1        EV: 12    Int:  4    God:    Trog [*.....]
Gold:   10         SH:  0    Dex:  9    Spells: 1/1 levels left

rFire    . . .     SeeInvis .   a - +0 falchion
rCold    . . .     Gourm    .   (no shield)
rNeg     . . .     Faith    .   b - +0 animal skin
rPois    .         Spirit   .   (helmet restricted)
rElec    .         Reflect  .   (no cloak)
rCorr    .         Harm     .   (no gloves)
MR       .....                  (no boots)
Stlth    +.........             (no amulet)
HPRegen  0.09/turn              (no ring)
MPRegen  0.07/turn              (no ring)

@: mighty, lethally poisoned (0 -> -21), flying
A: retaliatory headbutt, horns 2
a: Berserk, Burn Spellbooks, Renounce Religion


You were on level 1 of the Dungeon.
You worshipped Trog.
Trog was aware of your devotion.
You were not hungry.

You visited 1 branch of the dungeon, and saw 1 of its levels.

You collected 10 gold pieces.

Inventory:

Hand Weapons
 a - a +0 falchion (weapon)
Armour
 b - a +0 animal skin (worn)
Jewellery
 g - an uncursed ring of poison resistance {unknown}
Comestibles
 c - a bread ration
 f - a chunk of flesh


   Skills:
 + Level 3.8 Fighting
 * Level 4.0 Long Blades
 + Level 2.7 Armour
 + Level 2.4 Dodging


You had one spell level left.
You didn't know any spells.

Dungeon Overview and Level Annotations

Branches:
Dungeon (1/15)

Altars:


Innate Abilities, Weirdness & Mutations

You reflexively headbutt those who attack you in melee.
You have a pair of horns on your head.


Message History

* * * LOW HITPOINT WARNING * * *
You feel sick.
You see here a dagger of venom.
Okay, then.
* * * LOW HITPOINT WARNING * * *
You feel sick.
It was a potion of might.
You feel very mighty all of a sudden.
* * * LOW HITPOINT WARNING * * *
You feel sick.
It was a potion of flight.
You feel very buoyant.
You fly up into the air.
* * * LOW HITPOINT WARNING * * *
You feel sick.
A hobgoblin comes into view. It is wielding a club.
As you read the scroll labeled MYANIR ZIOMP, it crumbles to dust.
It is a scroll of recharging.
You aren't carrying any rechargeable items.
You die...

#.#..#.#..?.#. # #.............
#. ###............
#.##..........#.###
##.....>............
................... #
.#.##....#(....#.# .g.
....#..[..(.(..#)###.....
....#.#.........@).......
..............##.###..#..
....#.#.......##.........# #
.##.#.#.......######..#..#..# ##
....#.#.......# #.....#..#..## #.
.###..........# #.....#..#...# #.
.# ##.#.......###.....#......###.
.####.#.##.......................
.................................


You could see a hobgoblin (wandering).

Vanquished Creatures
  2 bats (D:1)
  5 jackals (D:1)
  4 kobolds (D:1)
  A frilled lizard (D:1)
  A rat (D:1)
13 creatures vanquished.

Notes
Turn   | Place    | Note
-------+----------+-------------------------------------------
     0 | D:1      | tof the Minotaur Berserker began the quest for the Orb.
     0 | D:1      | Reached XP level 1. HP: 19/19 MP: 0/0
   177 | D:1      | Reached XP level 2. HP: 25/27 MP: 1/1
   259 | D:1      | Reached skill level 4 in Long Blades
   409 | D:1      | HP: 1/27 [poisoned by a kobold]
   410 | D:1      | Succumbed to a kobold's poison

Vault maps used:
D:1:      scummos_arrival_simple_fountains, minmay_pentomino_w4

Skill      XL: |  1  2 |
---------------+-------+-----
Long Blades    | 4 |  4.0
Fighting       | |  3.8
Armour         | |  2.7
Dodging        | |  2.4

Action                   || total
-------------------------++-------
Melee: Falchion          ||    23
       Headbutt          ||     7
  Use: Potion            ||     2
       Scroll            ||     1
Armor: Animal skin       ||     5
Dodge: Dodged            ||    18
       Rpst.: Falchion   ||     3

Table legend:
 A = Spawn XP
 B = Non-spawn XP
 C = Spawn XP percentage of total XP
 D = Spawn monster count
 E = Non-spawn monster count
 F = Spawn count percentage of total count
 G = Total turns spent on level
                    A         B        C        D         E        F      G
               +---------+---------+-------+---------+---------+-------+---------
         Total |       0 |      21 |   0.0 |       0 |      13 |   0.0 |   410
               +---------+---------+-------+---------+---------+-------+---------
           D:1 |       0 |      21 |   0.0 |       0 |      13 |   0.0 |   410
               +---------+---------+-------+---------+---------+-------+---------
